12 | 0:01 | SCV | |
13 | 0:13 | SCV | |
14 | 0:18 | Supply Depot | |
14 | 0:25 | SCV | |
15 | 0:30 | Refinery | |
15 | 0:42 | Barracks | |
15 | 0:46 | SCV | |
16 | 0:52 | Refinery | |
16 | 0:58 | SCV | |
17 | 1:11 | SCV | |
18 | 1:23 | SCV | |
19 | 1:31 | Reaper | |
20 | 1:38 | Factory | |
20 | 1:45 | Orbital Command | |
20 | 1:55 | Supply Depot | |
20 | 2:06 | Factory | |
20 | 2:11 | SCV | |
20 | 2:13 | Barracks Reactor | |
21 | 2:23 | SCV | |
21 | 2:24 | Widow Mine | |
24 | 2:36 | SCV | |
25 | 2:48 | SCV | |
25 | 2:51 | Marine x2 | |
27 | 3:00 | SCV | |
28 | 3:07 | Supply Depot | |
28 | 3:14 | SCV | |
29 | 3:16 | Barracks Tech Lab | |
29 | 3:18 | Widow Mine | |
31 | 3:25 | Widow Mine x2 | |
35 | 3:37 | Supply Depot | |
36 | 3:38 | Marauder | |
32 | 3:54 | Supply Depot | |
31 | 4:04 | Command Center | |
31 | 4:10 | Marauder | |
33 | 4:19 | Widow Mine | |
35 | 4:31 | Hellion | |
35 | 4:36 | SCV | |
38 | 4:38 | Widow Mine | |
38 | 4:43 | Marauder | |
41 | 4:52 | Widow Mine | |
43 | 5:08 | Marauder | |
43 | 5:12 | Widow Mine | |
45 | 5:14 | SCV | |
44 | 5:22 | Orbital Command | |
44 | 5:27 | Factory Tech Lab | |
44 | 5:34 | Armory | |
44 | 5:36 | Marauder | |
44 | 5:40 | Widow Mine | |
48 | 5:49 | Widow Mine | |
48 | 5:50 | Siege Tank | |
53 | 6:07 | Marauder | |
53 | 6:08 | SCV | |
53 | 6:09 | SCV | |
57 | 6:11 | Widow Mine | |
59 | 6:18 | Stimpack | |
59 | 6:20 | SCV | |
60 | 6:26 | Factory Tech Lab | |
60 | 6:28 | SCV | |
60 | 6:32 | Refinery, SCV | |
62 | 6:36 | Supply Depot, Widow Mine | |
62 | 6:37 | Marauder | |
66 | 6:40 | SCV | |
66 | 6:44 | SCV | |
66 | 6:51 | Widow Mine |